[Event "Late-Titled-Tuesday-Blitz-June-25-2024"]
[Site "Chess.com"]
[Date "2024.06.25"]
[Round "10"]
[White "Slovak_fighter2000"]
[Black "Stanbad1"]
[Result "1-0"]
[WhiteElo "2523"]
[BlackElo "2699"]
[TimeControl "180+1"]
[EndTime "15:55:58 PDT"]
[Termination "Slovak_fighter2000 won by checkmate"]

1. e4 e6 2. d4 d5 3. exd5 exd5 4. Nf3 Bd6 5. c4 dxc4 6. Bxc4 Nf6 7. O-O O-O 8. Nc3 Bg4 9. Bg5 h6 10. Bh4 Nc6 11. h3 Bxf3 12. Qxf3 Nxd4 13. Qxb7 Qb8 14. Qxb8 Raxb8 15. Bxf6 gxf6 16. b3 Be5 17. f4 Bd6 18. Rad1 Rfd8 19. Kh1 Nf5 20. Rd3 h5 21. g4 hxg4 22.
hxg4 Nh6 23. g5 Nf5 24. gxf6 Bc5 25. Rfd1 Rd6 26. Rxd6 Bxd6 27. Ne4 Bxf4 28. Rd7 Rf8 29. Kg2 Nd6 30. Nxd6 Bxd6 31. Kf3 Be5 32. Kg4 Bxf6 33. Rxc7 Bd4 34. Kf5 Kg7 35. b4 Bb6 36. Rb7 Bd4 37.
a4 Bb6 38. a5 Bd4 39. b5 Bc5 40. Rc7 Be3 41. b6 axb6 42. a6 Ra8 43. Rxf7+ Kh6 44. Bd3 Bc5 45. Be4 Rxa6 46. Kf4 Be3+ 47. Kxe3 Kg5 48. Rf5+ Kg4 49. Rb5 Ra3+ 50. Bd3 Rc3 51. Rxb6 Rc5 52. Rg6+ Rg5 53. Rf6 Re5+ 54. Be4 Rg5 55.
Rf4+ Kg3 56. Rf1 Ra5 57. Rg1+ Kh2 58. Rg2+ Kh3 59. Kf4 Ra1 60. Rd2 Rf1+ 61. Bf3 Rg1 62. Rd8 Rg4+ 63. Bxg4+ Kg2 64. Rd2+ Kf1 65. Ke3 Ke1 66.
Rd1# 1-0

[Event "Late-Titled-Tuesday-Blitz-June-25-2024"]
[Site "Chess.com"]
[Date "2024.06.25"]
[Round "10"]
[White "maurovargas01"]
[Black "PawnEatingZombie"]
[Result "1-0"]
[WhiteElo "1978"]
[BlackElo "2282"]
[TimeControl "180+1"]
[EndTime "15:56:02 PDT"]
[Termination "maurovargas01 won on time"]

1. e4 c5 2. Nc3 g6 3. f4 Bg7 4. Nf3 a6 5. g3 b5 6. Bg2 Bb7 7. d3 e6 8. Ne2 Ne7 9. O-O O-O 10. Qe1 d6 11. h3 Nbc6 12. c3 a5 13. g4 b4 14. Qh4 bxc3 15. Nxc3 Ba6 16. f5 exf5 17. Bh6 f6 18. Rad1 fxg4 19. hxg4 Nd4 20. g5 Nxf3+ 21. Bxf3 Bxh6 22. Qxh6 fxg5 23. Qxg5 Rb8 24. b3 Nc6 25. Qd5+ Kg7 26. Qxc6 Qg5+ 27. Kf2 Bb7 28. Qxd6 Qf6 29. Qxf6+ Rxf6 30. Ke2 Rbf8 31. Nd5 Bxd5 32. exd5 h5 33. Be4 Kh6 34. Rxf6 Rxf6 35.
Rf1 Rb6 36. Rf7 h4 37. Kf3 Kg5 38. Kg2 a4 39. bxa4 Rb2+ 40. Kh3 Rxa2 41. d6 Rxa4 42. d7 Rd4 43. Rf4 Kh6 44. Rf7 Kg5 45. Re7 c4 46.
dxc4 Kf6 47. Re8 Rxd7 48. Bd5 Ra7 49. Rf8+ 1-0

[Event "Late-Titled-Tuesday-Blitz-June-25-2024"]
[Site "Chess.com"]
[Date "2024.06.25"]
[Round "10"]
[White "Fore_Man"]
[Black "Patricius007"]
[Result "0-1"]
[WhiteElo "2239"]
[BlackElo "2578"]
[TimeControl "180+1"]
[EndTime "15:56:03 PDT"]
[Termination "Patricius007 won by checkmate"]

1. Nf3 Nc6 2. g3 e5 3. d3 d5 4.
Bg2 Be6 5. O-O Qd7 6. Ng5 Bf5 7. e4 dxe4 8. dxe4 Bg4 9. Qxd7+ Bxd7 10. c3 f6 11. Nf3 O-O-O 12. Be3 h5 13. h4 Nh6 14. Nh2 Ng4 15. Nxg4 hxg4 16. Nd2 Be7 17. Nb3 Be6 18. Rfd1 b6 19. Bf1 Kb7 20. Be2 a5 21. Nd2 Na7 22. Bc4 Bxc4 23. Nxc4 Nc8 24. Kf1 Nd6 25. Nxd6+ Bxd6 26. Ke2 Kc6 27. b3 b5 28.
Rd5 a4 29. Rad1 axb3 30. axb3 Ra8 31. c4 bxc4 32. bxc4 Ra2+ 33. R1d2 Rha8 34. Rxa2 Rxa2+ 35. Kd3 Bb4 36. h5 Be1 37. Rc5+ Kd7 38. Rd5+ Ke6 39. h6 gxh6 40. Bxh6 Bxf2 41. Bg7 Bxg3 42. Rc5 Bh4 43.
Rxc7 g3 44. Rb7 g2 45. Bf8 f5 46. exf5+ Kxf5 47. Rg7 Bg5 48. Be7 g1=Q 49. Rxg5+ Qxg5 50. Bxg5 Kxg5 51. Ke4 Kf6 52. Kd5 Rd2+ 53. Kc6 e4 54. c5 e3 55. Kb6 e2 56. c6 e1=Q 57.
c7 Qb1+ 58. Kc6 Qc1+ 59. Kb7 Rb2+ 60. Ka8 Qa1# 0-1

[Event "Late-Titled-Tuesday-Blitz-June-25-2024"]
[Site "Chess.com"]
[Date "2024.06.25"]
[Round "10"]
[White "ansko1999"]
[Black "grzechu96"]
[Result "1-0"]
[WhiteElo "2613"]
[BlackElo "2753"]
[TimeControl "180+1"]
[EndTime "15:56:04 PDT"]
[Termination "ansko1999 won on time"]

1. Nf3 d5 2. c3 Nf6 3. g3 Bf5 4. Bg2 h6 5. O-O c6 6. d4 e6 7. a4 Be7 8. a5 O-O 9. Qb3 Qc8 10.
Nbd2 c5 11. dxc5 Nbd7 12. Nd4 Nxc5 13. Qd1 Bh7 14. N4b3 Ncd7 15. Re1 Rd8 16. e3 Ne5 17. Nf3 Nc4 18. Nfd2 Qc7 19. Qe2 e5 20. Nxc4 dxc4 21. Nd2 Bd3 22. Qd1 e4 23. Qa4 Rac8 24. a6 b6 25. b3 cxb3 26. Nxb3 Qxc3 27. Bd2 Qc4 28. Nd4 Qxa4 29. Rxa4 Bc5 30. Bc3 Nd5 31. Bb2 Nb4 32. Bh3 Rc7 33. Bf1 Bxf1 34. Rxf1 Nd3 35. Ba1 Rcd7 36.
Rd1 Ne5 37. Kg2 Nf3 38. h3 f5 39. g4 g6 40. Rc1 Bxd4 41. Bxd4 Nxd4 42. Rxd4 Rxd4 43. exd4 Rd7 44. gxf5 gxf5 45. Rc8+ Kg7 46. Kg3 Kf6 47. Kf4 Rxd4 48. Rc6+ Ke7 49. Rxh6 1-0

[Event "Late-Titled-Tuesday-Blitz-June-25-2024"]
[Site "Chess.com"]
[Date "2024.06.25"]
[Round "10"]
[White "Duhless"]
[Black "Durarbayli"]
[Result "1-0"]
[WhiteElo "3097"]
[BlackElo "2960"]
[TimeControl "180+1"]
[EndTime "15:56:05 PDT"]
[Termination "Duhless won by resignation"]

1. d4 d5 2. Nf3 Nf6 3. c4 c6 4.
cxd5 cxd5 5. Nc3 Nc6 6. Bf4 a6 7. Qb3 Na5 8. Qc2 g6 9. e3 Bf5 10. Bd3 e6 11. O-O Be7 12. Rfc1 O-O 13. h3 Rc8 14. Qe2 Bxd3 15. Qxd3 b5 16. Rc2 Nc4 17.
Rac1 Qa5 18. b3 Ba3 19. bxc4 dxc4 20. Qd1 Bxc1 21. Qxc1 b4 22. Be5 Nd5 23. Ne4 c3 24.
Nf6+ Nxf6 25. Bxf6 h6 26. e4 Kh7 27. Ne5 Qb5 28.
Ng4 g5 29. Be7 f5 30. Bxf8 fxg4 31. Bc5 gxh3 32. Qe3 hxg2 33. Kxg2 a5 34. Rc1 Qd7 35. Rh1 Rg8 36. Qf3 Rg6 37. Qf8 Qg7 38. Qxg7+ Kxg7 39. Kf3 Rf6+ 40. Ke3 Rf4 41. Rc1 h5 42. a3 h4 43.
axb4 axb4 44. Bxb4 h3 45. Bxc3 Kg6 46. Rh1 Rh4 47. f3 h2 48. Be1 Rh3 49. Kf2 Kh5 50. Kg2 g4 51. Rxh2 1-0

[Event "Late-Titled-Tuesday-Blitz-June-25-2024"]
[Site "Chess.com"]
[Date "2024.06.25"]
[Round "10"]
[White "corvachesky"]
[Black "nitpicker"]
[Result "1-0"]
[WhiteElo "2467"]
[BlackElo "2327"]
[TimeControl "180+1"]
[EndTime "15:56:06 PDT"]
[Termination "corvachesky won by resignation"]

1. Nf3 Nf6 2. g3 d5 3. Bg2 e6 4. O-O Be7 5. d4 b6 6. c4 c6 7.
Nbd2 O-O 8. Qc2 Bb7 9. e4 Nbd7 10.
e5 Ne8 11. h4 h6 12. Rd1 Rc8 13. cxd5 cxd5 14. Qd3 Nb8 15. Nf1 Ba6 16. Qd2 Nc6 17.
a3 Na5 18. Qf4 Nb3 19. Rb1 Be2 20. Re1 Bd3 21. Be3 Bxb1 22. Rxb1 f5 23. g4 Na5 24. gxf5 Rxf5 25. Qg4 Kh8 26. Ng3 Qd7 27. Nxf5 exf5 28. Qg6 Rc6 29. Qf7 Nc7 30. Bh3 Qe6 31. Qxf5 Qxf5 32. Bxf5 Nc4 33. Rc1 b5 34. b3 Na5 35.
Rxc6 Nxc6 36. Kf1 Bxa3 37. Ke2 Kg8 38. Ne1 Na5 39. Bc2 Be7 40. Ng2 Ne6 41. f4 Nc6 42.
Kd3 a5 43. Bd2 Kf7 44. f5 Nc7 45. Nf4 Nb4+ 46. Bxb4 Bxb4 47. Bd1 Be7 48. Bf3 Bxh4 49. Nxd5 Nxd5 50. Bxd5+ Ke7 51. Bc6 b4 52. Ke4 Be1 53.
d5 Bc3 54. d6+ Kd8 55. e6 Bf6 56. Kd5 h5 57. Kc5 h4 58. Kb5 Be5 59. e7+ 1-0

[Event "Late-Titled-Tuesday-Blitz-June-25-2024"]
[Site "Chess.com"]
[Date "2024.06.25"]
[Round "10"]
[White "Akhayan"]
[Black "ATM622"]
[Result "1-0"]
[WhiteElo "2414"]
[BlackElo "2520"]
[TimeControl "180+1"]
[EndTime "15:56:07 PDT"]
[Termination "Akhayan won on time"]

1. e4 c6 2. d4 d5 3. Nc3 dxe4 4. Nxe4 Bf5 5. Ng3 Bg6 6. Bc4 e6 7. N1e2 Bd6 8. h4 h6 9. Nf4 Bxf4 10. Bxf4 Nf6 11. Qe2 Nd5 12. Bd2 Bxc2 13. Nh5 Bg6 14. Nxg7+ Kf8 15. Nh5 Nd7 16. Bxd5 cxd5 17. Bb4+ Kg8 18.
Nf4 Qf6 19. Nxg6 Qxg6 20. O-O Nf6 21. Bd6 Kh7 22. Be5 Rhg8 23. Qf3 Ne4 24. h5 Qf5 25.
Qxf5+ exf5 26. f3 Nd2 27. Rfd1 Nxf3+ 28. Kf2 Ng5 29. Rac1 Ne4+ 30. Kf3 Rac8 31. Kf4 Rg4+ 32. Kxf5 Rcg8 33. Bf4 Rxg2 34. Rc7 R8g7 35. Ke5 f6+ 36.
Kxd5 Rxc7 37. Bxc7 Re2 38. Bf4 f5 39. Rc1 Rxb2 40. Rc7+ Kg8 41. Bxh6 Nf6+ 42. Ke6 Nxh5 43.
Kxf5 Rxa2 44. Kg6 Rg2+ 45. Kxh5 Rb2 46. Kg6 Rg2+ 47. Bg5 Rf2 48. Rxb7 a5 49. Ra7 Rf8 50. Bf6 Rc8 51. Rxa5 Rf8 52. Ra7 Rb8 53. Be5 Rc8 54. Kf5 1-0

[Event "Late-Titled-Tuesday-Blitz-June-25-2024"]
[Site "Chess.com"]
[Date "2024.06.25"]
[Round "10"]
[White "Sasha_Solovev_777"]
[Black "Quattroporte300"]
[Result "1-0"]
[WhiteElo "2272"]
[BlackElo "2406"]
[TimeControl "180+1"]
[EndTime "15:56:07 PDT"]
[Termination "Sasha_Solovev_777 won by resignation"]

1. e4 c5 2. Nf3 a6 3. c3 d5 4. exd5 Qxd5 5. d4 Nf6 6. Be2 e6 7. O-O Be7 8. c4 Qd8 9. Nc3 O-O 10. Bg5 cxd4 11. Nxd4 h6 12. Bh4 e5 13. Nf3 Nc6 14.
Bxf6 Bxf6 15. Nd5 Be6 16. Nxf6+ Qxf6 17. Qc2 Bf5 18. Qb3 Qe7 19. Rfe1 Rad8 20. Bf1 Qc7 21.
Rad1 Bg4 22. h3 Nd4 23. Rxd4 exd4 24. hxg4 Qf4 25. Qd3 Qxg4 26. Re4 Qg6 27. Rxd4 Qf6 28. b3 Rxd4 29. Qxd4 Qxd4 30. Nxd4 Rd8 31. Nf3 Rd1 32. g3 Ra1 33. a4 Rb1 34. Nd4 Rd1 35. Nc2 Rd2 36.
Ne3 Rb2 37. Nd5 Rxb3 38. Kg2 Kf8 39. Be2 Ra3 40. Nb6 Ke7 41. c5 Kd8 42. Bf3 Kc7 43.
Nd5+ Kb8 44. Nb6 Rc3 45. a5 f5 46. Bd5 g5 47. Be6 Kc7 48. Nd5+ Kc6 49. Nxc3 Kxc5 50.
Bxf5 Kb4 51. Nd5+ Kxa5 52. Bd3 b5 53. f4 gxf4 54. gxf4 b4 55. Nxb4 Kxb4 56. Bxa6 Kc5 57.
Kg3 Kd6 58. Kg4 Ke6 59. Bc4+ Kf6 60. Bd3 Ke6 61. Be4 Kf6 62. Kh5 Kg7 63. Bd3 Kf7 64.
Kxh6 Kf6 65. Be4 1-0

[Event "Late-Titled-Tuesday-Blitz-June-25-2024"]
[Site "Chess.com"]
[Date "2024.06.25"]
[Round "10"]
[White "FloMasterAAK"]
[Black "Zurability"]
[Result "0-1"]
[WhiteElo "2612"]
[BlackElo "2775"]
[TimeControl "180+1"]
[EndTime "15:56:08 PDT"]
[Termination "Zurability won by checkmate"]

1. Nf3 b6 2. c4 Bb7 3. e3 f5 4. Nc3 Nf6 5. b3 g6 6. Bb2 Bg7 7. d4 O-O 8. g3 e6 9. Bg2 Qe7 10. O-O d6 11. a4 a5 12. Rc1 Na6 13. Ba3 Nb4 14. c5 dxc5 15. dxc5 Rad8 16. Qe1 Nd3 17. Qd2 Nxc1 18. Qxc1 bxc5 19. Nb5 Ne4 20. Nbd4 Rfe8 21. h4 Qd6 22. Nb5 Qb6 23. Ng5 Bf8 24. Nxe4 Bxe4 25. Bxe4 fxe4 26. Qc4 c6 27. Nc3 Rd3 28. Rb1 Rb8 29. Qxe6+ Kh8 30. Nxe4 Rxb3 31. Rd1 Rb1 32. Rxb1 Qxb1+ 33. Kg2 Qb3 34. Qxb3 Rxb3 35. Bxc5 Bxc5 36. Nxc5 Rb4 37. e4 Rc4 38. Nd7 Rxa4 39. e5 Re4 40. f3 Re2+ 41. Kf1 Rd2 42. e6 Rd6 43. e7 Re6 44. Nb8 a4 45. Nxc6 a3 46. Nb4 Rxe7 47. Kf2 Rb7 48. Nd3 a2 49.
Ke3 a1=Q 50. Nc5 Qc3+ 51. Nd3 Re7+ 52. Kf4 Qxd3 53. Kg5 Qf5+ 54. Kh6 Qh5# 0-1

[Event "Late-Titled-Tuesday-Blitz-June-25-2024"]
[Site "Chess.com"]
[Date "2024.06.25"]
[Round "10"]
[White "Brown_Mamba24"]
[Black "Bob_2004"]
[Result "0-1"]
[WhiteElo "2562"]
[BlackElo "2720"]
[TimeControl "180+1"]
[EndTime "15:56:08 PDT"]
[Termination "Bob_2004 won on time"]

1. d4 Nf6 2. c4 e6 3. Nf3 d5 4. g3 dxc4 5. Qa4+ Nbd7 6. Bg2 a6 7. Qxc4 b5 8. Qc6 Rb8 9. Bf4 Nd5 10. Bg5 Be7 11.
Bxe7 Nxe7 12. Qc2 Bb7 13. O-O O-O 14. Nbd2 h6 15. Rad1 Nb6 16. Nb3 Na4 17. Na5 Ba8 18. b3 Nb6 19. Ne5 Bxg2 20. Kxg2 Qd5+ 21. e4 Qa8 22.
Nac6 Nxc6 23. Nxc6 Rbe8 24. f4 f5 25. Rfe1 Nd7 26.
d5 fxe4 27. Rxe4 exd5 28. Ne7+ Kf7 29. Nxd5 Nf6 30. Nxf6 Kxf6 31. Qc3+ Kf5 32. Qxg7 Rxe4 33.
Kh3 Qe8 34. g4+ Kxf4 35. Rf1+ Ke3 36. Rxf8 Qc6 37. Qf7 Kd3 38. Qf3+ Re3 39. Kg3 Rxf3+ 40. Rxf3+ Kc2 41. h4 Kb2 42. g5 hxg5 43. hxg5 Kxa2 44.
Rf6 Qc3+ 45. Kf4 Qxb3 46. Rxa6+ Kb2 47. g6 Qg8 48. Rc6 Qg7 49. Kf5 b4 50. Rf6 c5 51.
Rf7 Qg8 52. Kf6 c4 53. g7 c3 54. Rb7 b3 55. Rc7 c2 56. Rf7 Qxg7+ 57. Kxg7 c1=Q 0-1

[Event "Late-Titled-Tuesday-Blitz-June-25-2024"]
[Site "Chess.com"]
[Date "2024.06.25"]
[Round "10"]
[White "Beaterawn"]
[Black "manitodeplomo"]
[Result "0-1"]
[WhiteElo "2406"]
[BlackElo "2579"]
[TimeControl "180+1"]
[EndTime "15:56:08 PDT"]
[Termination "manitodeplomo won by resignation"]

1. d4 d5 2. Nc3 e6 3. Bf4 a6 4. e3 b5 5. a3 Bb7 6. Nf3 Nd7 7. Be2 c5 8. O-O Ngf6 9. Ne5 Nxe5 10. dxe5 Nd7 11.
Bg3 g6 12. f4 h5 13. h3 h4 14. Bh2 Be7 15. Qe1 Bc6 16. Qf2 Qb6 17. Bf3 Kf8 18.
e4 d4 19. Ne2 Ke8 20. f5 Bg5 21.
Kh1 Be3 22. Qe1 Ke7 23. c3 a5 24. cxd4 cxd4 25. Rd1 Rag8 26. f6+ Ke8 27. Bg1 Bxg1 28. Rxg1 Nxe5 29. Nxd4 Bd7 30. Qd2 g5 31. Ne2 Rh6 32.
Nd4 Rxf6 33. Rgf1 Rf4 34. Ne2 Rf6 35. b4 a4 36. Rc1 Rfg6 37. Rc5 Nc4 38. Qd4 e5 39. Rxe5+ Nxe5 40. Qxb6 Rxb6 41. Nd4 g4 42. hxg4 Bxg4 43. Bxg4 Rxg4 44. Rf5 Rxe4 45. Nf3 Nxf3 46. Rxf3 Rbe6 47. Kh2 R6e5 48. Rf6 Ke7 49. Rb6 Re3 50. Rb7+ Kf8 51. Rb8+ Kg7 52. Rb6 Rg5 0-1

[Event "Late-Titled-Tuesday-Blitz-June-25-2024"]
[Site "Chess.com"]
[Date "2024.06.25"]
[Round "10"]
[White "romulocardoso"]
[Black "CFalcons8"]
[Result "1-0"]
[WhiteElo "2343"]
[BlackElo "2432"]
[TimeControl "180+1"]
[EndTime "15:56:08 PDT"]
[Termination "romulocardoso won by resignation"]

1. e4 c5 2. Nf3 d6 3. d4 cxd4 4.
Nxd4 Nf6 5. Nc3 a6 6. f3 e5 7. Nb3 Be6 8. Be3 Be7 9. Qd2 O-O 10. g4 d5 11. g5 d4 12. gxf6 Bxf6 13. O-O-O dxe3 14. Qxd8 Rxd8 15. Rxd8+ Bxd8 16. Nc5 Bc8 17. Nd5 Nc6 18.
h4 b6 19. Na4 b5 20. Nc5 Ne7 21.
Nxe3 Bb6 22. b4 a5 23. a3 axb4 24. axb4 Nc6 25. Nd5 Bxc5 26. bxc5 Rb8 27. Nb6 Nd4 28. c3 Nb3+ 29. Kc2 Nxc5 30. Nxc8 Rxc8 31. Bxb5 Rb8 32. Bc4 Kf8 33. Rd1 f6 34. Rd5 Rc8 35. Be2 Ke7 36.
c4 Rc7 37. Kc3 Ne6 38. Kb4 Nd4 39. Bd1 Rb7+ 40. Kc5 Rb1 41. Ba4 Rb7 42. Bb5 h6 43.
f4 Ne6+ 44. Kc6 Rc7+ 45. Kb6 exf4 46. e5 fxe5 47. Rxe5 f3 48. Rxe6+ Kxe6 49. Kxc7 f2 50. c5 g5 51. hxg5 hxg5 52. c6 g4 53. Kd8 g3 54. Bf1 Kd6 55. c7 Ke5 56. c8=Q Kd4 57. Qh3 Ke3 58. Qxg3+ Kd2 59. Qxf2+ 1-0

[Event "Late-Titled-Tuesday-Blitz-June-25-2024"]
[Site "Chess.com"]
[Date "2024.06.25"]
[Round "10"]
[White "Viktor_Poddubnyi"]
[Black "Eloist"]
[Result "0-1"]
[WhiteElo "2334"]
[BlackElo "2459"]
[TimeControl "180+1"]
[EndTime "15:56:10 PDT"]
[Termination "Eloist won on time"]

1. e4 e6 2. d4 d5 3. Nd2 c5 4.
exd5 Qxd5 5. Ngf3 cxd4 6. Bc4 Qd6 7. O-O Nf6 8. Nb3 Nc6 9. Nbxd4 Nxd4 10. Qxd4 Qxd4 11.
Nxd4 Bc5 12. Nb3 Bb6 13. a4 a5 14. Be2 Bd7 15. Bf3 Rc8 16. Bd2 Bc6 17. Bxc6+ Rxc6 18. Bxa5 Bxa5 19. Nxa5 Rxc2 20. Rac1 Rxc1 21. Rxc1 O-O 22. Nxb7 g6 23. a5 Ra8 24. b4 Nd5 25. b5 Kf8 26. a6 Nb4 27. Kf1 h5 28. Ke2 Nxa6 29. bxa6 Rxa6 30. Rc2 Kg7 31. Nc5 Ra5 32. Nd3 Ra7 33.
f4 Kf6 34. Kf3 Ra3 35. Rd2 Kf5 36. Ke3 f6 37. Rb2 g5 38. Rb5+ Kg6 39. fxg5 fxg5 40.
Re5 Kf6 41. Re4 Ra2 42. Nf2 Kf5 43. Rd4 Ra3+ 44. Rd3 Ra2 45. Rd2 Ra3+ 46. Nd3 e5 47. Rf2+ Ke6 48. Rf8 h4 49. Re8+ Kf5 50. Rf8+ Ke6 51. h3 Rb3 52. Ke4 Ra3 53. Re8+ Kf6 54. Rb8 Ra2 0-1

[Event "Late-Titled-Tuesday-Blitz-June-25-2024"]
[Site "Chess.com"]
[Date "2024.06.25"]
[Round "10"]
[White "Jospem"]
[Black "MagnusCarlsen"]
[Result "0-1"]
[WhiteElo "3064"]
[BlackElo "3179"]
[TimeControl "180+1"]
[EndTime "15:56:12 PDT"]
[Termination "MagnusCarlsen won by resignation"]

1. e4 c5 2. Nf3 e6 3. c3 d5 4. e5 Nc6 5. g3 Nge7 6. Bg2 Nf5 7. d3 Be7 8. h4 h5 9. Bf4 b6 10. O-O Ba6 11. Re1 g6 12. Bg5 Bxg5 13. Nxg5 Qc7 14. Na3 Kf8 15. Qa4 Bxd3 16. Qf4 a6 17. c4 dxc4 18.
Nxc4 Bxc4 19. Qxc4 Ra7 20. a3 Ncd4 21. Rac1 Kg7 22. b4 Rc8 23. Ne4 cxb4 24. Qxb4 Ne2+ 25. Rxe2 Qxc1+ 26. Re1 Qc4 27. Qd2 Qd4 28. Qf4 Rd7 29.
Bf3 Rc2 30. Rd1 Qa4 31. Rf1 Rc4 32. Re1 Qxa3 33. Kg2 Qb2 34. Bxh5 gxh5 35. Qg5+ Kf8 36. Nf6 Rd8 37. Nh7+ Ke8 38. Nf6+ Ke7 39. Rf1 Qd2 40. Ne4+ Qxg5 41. Nxg5 Rd2 42. Re1 Rcc2 43. Ne4 Re2 44.
Rxe2 Rxe2 45. Kf3 Nd4+ 46. Kf4 a5 47. g4 a4 48. gxh5 Rxe4+ 49. Kxe4 a3 50. h6 Kf8 51. h7 Kg7 52. Kxd4 a2 53. Kc3 0-1

[Event "Late-Titled-Tuesday-Blitz-June-25-2024"]
[Site "Chess.com"]
[Date "2024.06.25"]
[Round "10"]
[White "ManMish2"]
[Black "Rodalquilar"]
[Result "0-1"]
[WhiteElo "2650"]
[BlackElo "2838"]
[TimeControl "180+1"]
[EndTime "15:56:12 PDT"]
[Termination "Rodalquilar won on time"]

1. e4 d5 2. exd5 Qxd5 3. Nc3 Qa5 4. g3 Nf6 5. Bg2 e5 6. Nge2 Bd6 7. O-O O-O 8. d4 Nc6 9. dxe5 Nxe5 10. Bf4 Rb8 11. Nd4 Bg4 12. Qc1 Qb6 13. Ndb5 a6 14. Nxd6 cxd6 15. h3 Bh5 16. Bg5 Nfd7 17. Nd5 Qc5 18. Be3 Qa5 19. Qd2 Qxd2 20. Bxd2 Bf3 21. Ne7+ Kh8 22.
Bc3 Rfe8 23. Nf5 d5 24. Bxf3 Nxf3+ 25. Kg2 Nfe5 26. f4 Nc4 27. Nxg7 Re2+ 28. Rf2 Rxc2 29. Rxc2 Ne3+ 30. Kf3 Nxc2 31. Rc1 d4 32. Rxc2 dxc3 33. Nf5 cxb2 34. Rxb2 b5 35. Rc2 Nb6 36. Rc7 f6 37. g4 b4 38. g5 fxg5 39. fxg5 a5 40. h4 Rf8 41. Ke4 Re8+ 42. Kf3 Rf8 43. Kg4 Nd5 44.
Rd7 Nc3 45. h5 Ne4 46. Re7 Nf2+ 47. Kf4 Nh3+ 48. Kg4 Nf2+ 49. Kf4 Rg8 0-1

[Event "Late-Titled-Tuesday-Blitz-June-25-2024"]
[Site "Chess.com"]
[Date "2024.06.25"]
[Round "10"]
[White "JulbeNn"]
[Black "JanistanTV"]
[Result "0-1"]
[WhiteElo "2565"]
[BlackElo "2684"]
[TimeControl "180+1"]
[EndTime "15:56:13 PDT"]
[Termination "JanistanTV won by resignation"]

1. e4 c5 2. Nc3 Nc6 3. f4 g6 4. Nf3 Bg7 5. Bc4 e6 6. f5 Nge7 7.
fxe6 dxe6 8. d3 O-O 9. O-O Na5 10. Bb3 Nxb3 11. axb3 Nc6 12. Bg5 f6 13. Be3 b6 14.
Ne2 e5 15. c3 Be6 16. d4 cxd4 17. cxd4 exd4 18. Nexd4 Nxd4 19. Nxd4 Qd7 20. Qe2 Rfe8 21. Rfd1 Qb7 22. Nb5 Bf8 23. Nd6 Bxd6 24. Rxd6 Qxe4 25.
Qf2 Bxb3 26. Bd4 Re6 27. Rxe6 Qxe6 28. Re1 Qd6 29. Bc3 Rf8 30. Kh1 a5 31. Bd4 Rb8 32. Qh4 g5 33. Qf2 b5 34. Bc5 Qc6 35. Be7 Re8 36. h4 Kf7 37. Qa7 Kg6 38. Rf1 f5 39. Qe3 f4 40. Qe5 h6 41. hxg5 Qe6 42. Qxe6+ Bxe6 43. Bf6 hxg5 44. Bc3 b4 45. Bd4 Bc4 46. Ra1 Re2 47. Rxa5 Rd2 48. Be5 Bd5 49. Kh2 Bxg2 50. Kg1 f3 51. Bg3 Bh3 52. Bf2 Rxb2 53. Rc5 b3 54. Rb5 Bd7 55. Be3 Bxb5 0-1

[Event "Late-Titled-Tuesday-Blitz-June-25-2024"]
[Site "Chess.com"]
[Date "2024.06.25"]
[Round "10"]
[White "GMsKoRPioN"]
[Black "KorolDimitriy75"]
[Result "0-1"]
[WhiteElo "2584"]
[BlackElo "2427"]
[TimeControl "180+1"]
[EndTime "15:56:13 PDT"]
[Termination "KorolDimitriy75 won by checkmate"]

1. d4 Nf6 2. c4 c5 3. d5 b5 4. cxb5 a6 5. b6 d6 6. Nc3 Nbd7 7. e4 g6 8. Be2 Bg7 9. Nf3 O-O 10. Nd2 Nxb6 11.
a4 a5 12. O-O e6 13. Nc4 exd5 14. exd5 Bb7 15. Nxb6 Qxb6 16. Bf3 Rfe8 17. Ra3 Ba6 18. Rb3 Qc7 19. Nb5 Bxb5 20. Rxb5 Rab8 21. Re1 Rxb5 22.
Rxe8+ Nxe8 23. axb5 Qb6 24. Qe2 Nc7 25. Qe7 Bf8 26. Qd8 Nxd5 27. Qa8 Nc7 28. Qd8 Nd5 29. Qa8 Nc7 30. Qc8 Ne6 31. Bd5 Qxb5 32. Bxe6 Qe2 33. g3 Qxe6 34. Qxe6 fxe6 35. Bd2 a4 36. Kf1 Bg7 37.
Ke2 Bxb2 38. Kd3 a3 39. Kc2 d5 40. Kb3 c4+ 41. Kc2 d4 42. Bb4 d3+ 43. Kb1 c3 44.
Bxc3 Bxc3 45. f4 d2 46. Kc2 a2 47. f5 d1=Q+ 48. Kxd1 a1=Q+ 49. Ke2 Qb2+ 50. Kf3 exf5 51. h4 Be5 52. h5 Qc3+ 53. Ke2 Qxg3 54. hxg6 hxg6 55.
Kf1 Qh2 56. Ke1 Kf7 57. Kd1 Ke6 58. Ke1 Kd5 59. Kf1 Ke4 60. Ke1 Ke3 61. Kd1 Qd2# 0-1

[Event "Late-Titled-Tuesday-Blitz-June-25-2024"]
[Site "Chess.com"]
[Date "2024.06.25"]
[Round "10"]
[White "Jagerrmeisterr"]
[Black "Connectedcloud"]
[Result "0-1"]
[WhiteElo "2660"]
[BlackElo "2379"]
[TimeControl "180+1"]
[EndTime "15:56:17 PDT"]
[Termination "Connectedcloud won by resignation"]

1. e4 e5 2. Nc3 Nc6 3. g3 Nf6 4. Bg2 Bc5 5. d3 d6 6. h3 h6 7. Nge2 O-O 8. Na4 Bb6 9. Nxb6 axb6 10. c4 Ne7 11. O-O Ng6 12. f4 exf4 13. Nxf4 Nxf4 14. Bxf4 Be6 15. b3 Qd7 16. Kh2 c6 17. Bxh6 Ng4+ 18. hxg4 gxh6 19. Qd2 Kg7 20. Rf4 Qe7 21. Qc3+ Kh7 22.
e5 d5 23. cxd5 cxd5 24. Rf6 Rg8 25. Qd2 Rg5 26. Raf1 Rag8 27. d4 R8g6 28. Bh3 Rg7 29. Qd3+ R7g6 30. R1f2 Kg7 31. Qf3 Kh7 32. Qd3 Kg7 33.
a3 Qxa3 34. Qb5 Qe7 35. Qxb6 h5 36. gxh5 Rxh5 37. g4 Bxg4 38. Rxf7+ Qxf7 39. Rxf7+ Kxf7 40. Qxb7+ Kg8 41. Qxd5+ Kg7 42. Qb7+ Kh6 43. Kg3 Bc8+ 44. Kf4 Bxb7 45. Bf5 Rh4+ 46. Ke3 Rg3+ 47. Ke2 Rxd4 48. e6 Rd6 49. b4 Rg8 50. Ke3 Re8 51. Kf4 Rexe6 52. b5 Rf6 53. Ke5 Rxf5+ 54. Kxd6 Rxb5 55.
Ke7 Rb1 56. Kf6 Rf1+ 57. Ke5 Kg7 58. Kd4 Be4 59. Ke5 Kf7 60. Kd4 Rd1+ 61. Ke3 Kf6 62. Kf4 Rf1+ 63. Ke3 Ke5 64. Kd2 Rf2+ 65. Ke3 Rf3+ 66.
Ke2 Kd4 67. Kd2 Rf2+ 68. Ke1 Ke3 69. Kd1 Kd3 70. Ke1 Rf3 0-1

[Event "Late-Titled-Tuesday-Blitz-June-25-2024"]
[Site "Chess.com"]
[Date "2024.06.25"]
[Round "10"]
[White "petr577"]
[Black "dolynachess"]
[Result "1-0"]
[WhiteElo "2386"]
[BlackElo "2511"]
[TimeControl "180+1"]
[EndTime "15:56:18 PDT"]
[Termination "petr577 won by checkmate"]

1. d4 Nf6 2. c4 c5 3. d5 b5 4.
cxb5 a6 5. b6 d6 6. Nc3 Nbd7 7.
a4 Qxb6 8. a5 Qd8 9. e4 g6 10.
Be2 Bg7 11. Nf3 O-O 12. O-O Ne8 13. Nd2 Nc7 14. Nc4 Nb5 15. Bd2 Rb8 16. Na4 Re8 17. h3 Nd4 18. Bc3 Qc7 19. Nab6 e6 20. dxe6 Rxe6 21.
Nd5 Qd8 22. Bg4 Rxe4 23. Nxd6 Re5 24. Ne3 Qc7 25. Nxc8 Rxc8 26. Bxd4 cxd4 27. Qxd4 f5 28. Bf3 Rxa5 29. Qh4 Nf6 30. Rad1 Rb5 31. Nd5 Nxd5 32.
Bxd5+ Kh8 33. b3 a5 34. Bc4 Rb4 35. Rd3 a4 36. Rfd1 a3 37. Rd8+ Bf8 38. Qf6+ Qg7 39. Qxg7+ Kxg7 40. Rxc8 a2 41. Ra8 Rb7 42. Rxa2 Bc5 43.
Rad2 Kh6 44. Rd7 Rb8 45. Kf1 Re8 46. g4 fxg4 47. hxg4 Ra8 48. g5+ Kxg5 49. R1d5+ Kh6 50. Rxc5 Ra2 51. Kg2 Rb2 52. Rcc7 Kg5 53. Rxh7 Kg4 54. Be6+ Kg5 55. Kg3 Re2 56. Bc4 Kf6 57. Rhf7+ Kg5 58. f4+ Kh5 59. Rh7# 1-0

[Event "Late-Titled-Tuesday-Blitz-June-25-2024"]
[Site "Chess.com"]
[Date "2024.06.25"]
[Round "10"]
[White "MathiasWomacka"]
[Black "Seppppppy"]
[Result "1-0"]
[WhiteElo "2524"]
[BlackElo "2397"]
[TimeControl "180+1"]
[EndTime "15:56:21 PDT"]
[Termination "MathiasWomacka won by checkmate"]

1. e4 e5 2. Nf3 Nc6 3. Bb5 a6 4. Bxc6 dxc6 5. O-O Qf6 6. d4 exd4 7. Bg5 Qd6 8. Nxd4 Be7 9. Bxe7 Nxe7 10. Nc3 Bd7 11.
Qd2 O-O-O 12. Rad1 c5 13. Nde2 Qxd2 14. Rxd2 Bc6 15.
Rfd1 Rxd2 16. Rxd2 Rd8 17. Rxd8+ Kxd8 18. f3 b5 19. Kf2 b4 20. Nd1 Bb5 21. Nf4 Kd7 22.
Ke3 Kd6 23. g4 c4 24. c3 a5 25. h4 c5 26. h5 a4 27. a3 bxa3 28. bxa3 Ke5 29.
Ne2 Nc6 30. f4+ Ke6 31. e5 Ne7 32. Kd2 Bc6 33. Ne3 Bf3 34. Ng1 Bd5 35. Ke2 Bc6 36.
Nh3 h6 37. Nf2 Nd5 38. Nxd5 Kxd5 39. Ke3 Bd7 40. Kf3 Be6 41. Nd1 Bd7 42. Ne3+ Ke6 43. Nxc4 Bc6+ 44. Ke3 f6 45. exf6 Kxf6 46. Nd2 Bd7 47. Ne4+ Ke7 48. f5 Bc6 49. Nxc5 Kd6 50. Ne6 Kd5 51. Nxg7 Kc4 52. g5 Bd5 53. g6 Kb3 54. f6 Kxa3 55. f7 Kb2 56. f8=Q a3 57. Qb4+ Bb3 58. Ne6 a2 59. Nd4 Ka1 60. Nxb3+ Kb2 61.
Nd4+ Kc1 62. Qa3+ Kb1 63. Qb3+ Ka1 64. Nc2# 1-0